Map: Shrines of Lizul

Players

Throwfordays - Winner!

  • Race: Protoss Protoss
  • League: Silver
  • Spawn Location: 3:00

Faust - Winner!

  • Race: Zerg Zerg
  • League: Diamond
  • Spawn Location: 12:00

David

  • Race: Zerg Zerg
  • League: Platinum
  • Spawn Location: 9:00

Carlos

  • Race: Terran Terran
  • League: Diamond
  • Spawn Location: 6:00

VOD

Have the link to the VOD?

Description

Time

  • Played on: Feb. 25, 2019, 9:34 p.m.
  • Length: 12:22
Show
View Real Time Build Order
Export as new Build Order

Throwfordays Protoss - Winner!

Build Orders: 1 Gate Expand, Double Forge 

Get SALT Encoding   

  12  0:00  Probe  
  13  0:13  Probe  
  14  0:18  Pylon  
  14  0:25  Probe  
  15  0:37  Probe  
  16  0:45  Gateway  
  16  0:49  Probe  
  17  1:15  Nexus  
  17  1:27  Assimilator  
  17  1:32  Cybernetics Core  
  17  1:39  Probe  
  18  1:48  Warp Gate  
  18  1:51  Probe  
  19  1:59  Zealot  
  21  2:03  Probe  
  22  2:22  Assimilator  
  22  2:26  Probe  
  22  2:28  Forge  
  22  2:29  Forge, Probe  
  23  2:34  Probe  
  24  2:41  Probe  
  26  2:44  Probe  
  26  2:49  Probe  
  27  2:56  Probe  
  27  2:57  Probe  
  30  3:08  Probe x2  
  32  3:20  Gateway, Probe x2  
  32  3:24  Gateway  
  34  3:32  Probe x2  
  36  3:38  Zealot  
  38  3:46  Assimilator  
  38  3:49  Assimilator  
  38  3:54  Pylon  
  38  3:57  Pylon  
  38  4:12  Zealot, Probe x2  
  42  4:18  Photon Cannon  
  42  4:22  Zealot x2  
  46  4:28  Photon Cannon  
  46  4:32  Photon Cannon  
  46  4:36  Photon Cannon  
  46  4:38  Photon Cannon, Probe  
  40  4:43  Probe  
  40  4:50  Probe  
  41  4:54  Stalker  
  41  4:55  Probe  
  38  5:00  Stalker  
  38  5:03  Probe  
  40  5:07  Probe  
  38  5:15  Probe  
  38  5:19  Probe  
  38  5:21  Stalker  
  42  5:22  Stalker  
  42  5:24  Protoss Ground Weapons Level 1  
  42  5:26  Protoss Ground Armor Level 1  
  42  5:27  Probe  
  45  5:31  Probe  
  46  5:39  Probe  
  47  5:43  Probe  
  47  5:49  Stalker  
  48  5:50  Stalker  
  48  5:51  Stalker, Probe  
  48  5:55  Probe  
  54  6:10  Pylon  
  54  6:13  Pylon  
  54  6:16  Pylon  
  54  6:22  Pylon  
  54  6:25  Pylon  
  54  6:28  Pylon, Probe x2  
  54  6:32  Pylon  
  56  6:40  Probe x2  
  58  6:53  Nexus  
  58  6:57  Stalker x2  
  58  6:58  Stalker  
  64  7:05  Twilight Council  
  64  7:06  Robotics Facility  
  64  7:09  Robotics Facility  
  64  7:18  Protoss Ground Weapons Level 2, Robotics Facility  
  64  7:19  Protoss Ground Armor Level 2  
  64  7:20  Robotics Facility  
  64  7:23  Stalker x2  
  64  7:24  Stalker  
  70  7:39  Blink  
  70  7:46  Pylon  
  70  7:53  Stalker x2  
  70  7:54  Stalker  
  70  8:40  Immortal x4  
  86  8:43  Stalker x2  
  86  8:48  Probe  
  91  9:00  Probe  
  92  9:03  Assimilator  
  92  9:06  Assimilator  
  92  9:12  Probe  
  93  9:21  Stargate  
  93  9:24  Stargate, Probe  
  93  9:27  Stargate  
  93  9:28  Protoss Air Weapons Level 1  
  94  9:36  Probe  
  95  9:39  Photon Cannon  
  95  9:42  Photon Cannon  
  95  9:45  Photon Cannon  
  95  9:48  Photon Cannon  
  95  9:49  Charge, Probe  
  95  9:51  Pylon  
  96  10:01  Probe  
  97  10:13  Probe  
  98  10:25  Probe  
  79  10:53  Stalker x3  
  85  10:59  Immortal x3  
  97  11:11  Photon Cannon  
  97  11:12  Photon Cannon  
  97  11:13  Probe  
  98  11:24  Stalker x2  
  98  11:25  Stalker, Probe  
  105  11:35  Phoenix x3  
Show
View Real Time Build Order
Export as new Build Order

Faust Zerg - Winner!

Build Orders: Hatch First 

Get SALT Encoding   

  12  0:02  Drone  
  13  0:11  Drone  
  14  0:16  Extractor  
  14  0:17  Drone  
  15  0:23  Overlord  
  15  0:43  Drone x2  
  17  0:59  Drone  
  17  1:01  Hatchery  
  17  1:10  Drone  
  18  1:17  Spawning Pool  
  17  1:19  Drone  
  17  1:23  Extractor  
  17  1:29  Drone  
  18  1:37  Drone  
  19  2:04  Zergling x4  
  19  2:07  Overlord  
  21  2:13  Queen  
  21  2:14  Queen  
  25  2:15  Drone  
  25  2:22  Zergling x2  
  27  2:34  Overlord  
  27  2:37  Drone  
  27  2:38  Drone x2  
  27  2:42  Metabolic Boost  
  30  2:48  Queen  
  32  2:58  Drone x2, Overlord  
  34  2:59  Overlord  
  34  3:22  Zergling x2  
  34  3:23  Zergling x10  
  40  3:32  Baneling Nest  
  40  3:34  Roach Warren, Drone  
  38  3:35  Drone x2  
  39  3:53  Drone x3  
  42  4:02  Zergling x6  
  45  4:03  Zergling x2  
  43  4:13  Zergling x6  
  46  4:17  Zergling x6  
  46  4:20  Baneling  
  46  4:21  Baneling x3  
  41  4:24  Drone  
  38  4:33  Baneling  
  38  4:39  Drone x6  
  38  4:40  Drone  
  41  4:52  Zergling x8  
  43  5:04  Zergling x2  
  43  5:05  Zergling x2  
  44  5:34  Drone x5  
  49  5:38  Extractor, Drone  
  44  5:48  Zergling x4  
  44  5:49  Zergling x8  
  49  6:02  Zergling x2  
  48  6:10  Lair  
  49  6:11  Drone x4  
  49  6:13  Extractor  
  49  6:14  Extractor, Roach x4  
  58  6:18  Overlord x2  
  58  6:26  Overlord x2  
  56  7:09  Roach  
  56  7:10  Roach x7  
  72  7:19  Glial Reconstitution  
  74  7:23  Roach x2  
  74  7:29  Ravager x3  
  79  7:33  Roach  
  79  7:34  Roach  
  83  7:38  Baneling x2  
  83  7:47  Roach x3  
  83  7:49  Drone x2  
  91  7:51  Overlord  
  91  8:26  Queen x2  
  81  8:28  Roach x4  
  81  8:29  Roach x5, Hydralisk Den  
  80  8:40  Roach x4  
  88  8:45  Drone  
  88  8:46  Drone x2  
  91  9:07  Nydus Network  
  90  9:10  Infestation Pit  
  89  9:17  Hatchery  
  89  9:19  Drone x11  
  89  9:20  Drone  
  89  9:23  Grooved Spines  
  89  9:24  Overlord  
  100  9:33  Spore Crawler  
  100  9:36  Spore Crawler  
  98  9:40  Overlord x2  
  98  9:58  Ravager x2  
  98  9:59  Ravager x3  
  101  10:12  Hydralisk  
  101  10:13  Hydralisk x5  
  100  10:35  Muscular Augments  
  88  10:53  Overseer  
  88  11:04  Roach  
  88  11:05  Roach x10  
  88  11:09  Nydus Canal  
  110  11:13  Roach  
  77  11:42  Hatchery  
  64  11:57  Hydralisk  
  64  11:58  Hydralisk x2  
  64  12:00  Roach  
  64  12:01  Evolution Chamber, Roach x3  
  74  12:02  Evolution Chamber  
Show
View Real Time Build Order
Export as new Build Order

David Zerg 

Build Orders: Pool First 

Get SALT Encoding   

  12  0:02  Drone  
  13  0:13  Overlord  
  13  0:20  Drone  
  14  0:38  Spawning Pool  
  13  0:48  Drone  
  14  0:56  Extractor  
  14  0:57  Drone x2  
  14  1:02  Drone  
  16  1:19  Drone  
  16  1:25  Queen  
  19  1:26  Overlord  
  19  1:34  Drone  
  20  1:43  Drone  
  21  1:55  Drone  
  22  2:04  Queen  
  24  2:14  Hatchery  
  23  2:16  Zergling x2  
  23  2:20  Metabolic Boost  
  24  2:25  Zergling x2  
  25  2:30  Overlord  
  25  2:38  Zergling x4  
  27  2:47  Zergling x4  
  29  2:52  Drone  
  30  3:03  Overlord  
  30  3:14  Zergling x4  
  32  3:24  Drone x2, Roach Warren  
  32  3:27  Zergling x4  
  35  3:48  Drone x4  
  39  4:08  Zergling x2  
  39  4:09  Zergling x2, Roach x2  
  44  4:23  Roach x3  
  48  4:36  Roach  
  48  4:37  Overlord x4  
  50  4:41  Roach  
  45  4:50  Roach  
  45  4:52  Roach  
  49  5:04  Lair  
  49  5:08  Drone x3  
  49  5:10  Extractor  
  51  5:16  Roach  
  51  5:47  Zergling x4  
  51  5:48  Zergling x2, Roach x4  
  51  5:49  Roach x3  
  64  6:06  Glial Reconstitution  
  64  6:15  Spire  
  63  6:26  Roach x5  
  63  6:27  Roach  
  75  6:37  Overlord x2  
  75  6:52  Hatchery  
  72  6:54  Evolution Chamber  
  72  6:55  Evolution Chamber  
  72  7:01  Roach x3  
  71  7:02  Roach x3  
  81  7:09  Ravager x3  
  81  7:10  Ravager x5  
  81  7:13  Zergling x8  
  81  7:14  Zergling x2  
  94  7:18  Drone  
  95  7:25  Zerg Missile Weapons Level 1  
  95  7:29  Mutalisk  
  97  7:33  Zergling x6  
  97  7:35  Overlord  
  100  7:38  Overlord x4  
  100  7:43  Extractor  
  99  7:44  Extractor  
  99  7:46  Drone  
  99  7:55  Overseer  
  77  8:38  Mutalisk x6  
  77  8:39  Mutalisk  
  77  8:40  Zergling x6  
  77  8:41  Zergling x8  
  97  8:47  Overseer  
  98  8:54  Drone x3  
  101  8:58  Drone x2  
  103  9:09  Drone x2  
  105  9:13  Extractor, Drone, Mutalisk x2  
  109  9:21  Overseer  
  109  9:23  Zerg Missile Weapons Level 2  
  109  9:27  Zerg Flyer Weapons Level 1  
  109  9:33  Drone x2  
  109  9:34  Drone  
  109  9:37  Drone x2  
  114  9:41  Mutalisk x3  
  117  10:12  Mutalisk x6  
  102  10:41  Mutalisk  
  102  10:42  Mutalisk x5  
  63  11:05  Hatchery  
  63  11:06  Roach x2  
  63  11:07  Roach x2  
  63  11:08  Hatchery  
  69  11:14  Drone x3  
  67  11:34  Roach, Mutalisk x4  
  67  11:35  Mutalisk x3  
  70  11:50  Roach x4  
Show
View Real Time Build Order
Export as new Build Order

Carlos Terran 

Build Orders: Liberator Opening 

Get SALT Encoding   

  12  0:02  SCV  
  13  0:14  SCV  
  14  0:22  Supply Depot  
  14  0:26  SCV  
  15  0:31  Refinery  
  15  0:44  SCV  
  16  0:53  Barracks  
  16  0:56  SCV  
  17  1:05  Refinery  
  17  1:08  SCV  
  18  1:20  SCV  
  19  1:37  Supply Depot  
  19  1:41  Refinery  
  19  1:49  Marine  
  19  1:52  Factory  
  20  2:00  Supply Depot  
  20  2:04  SCV  
  21  2:14  Barracks Tech Lab  
  21  2:20  SCV  
  22  2:32  SCV  
  23  2:42  Barracks Reactor  
  23  2:49  SCV  
  23  2:50  Engineering Bay  
  24  2:51  Siege Tank  
  27  3:05  Starport  
  27  3:15  SCV  
  27  3:19  Missile Turret  
  28  3:31  Siege Tank  
  31  3:48  Liberator  
  34  3:49  Orbital Command  
  34  3:56  Supply Depot  
  34  4:10  Marine x2  
  34  4:13  Siege Tank  
  39  4:36  Missile Turret  
  39  4:45  Siege Tank  
  41  4:47  Marine x2  
  41  4:49  Liberator  
  29  6:15  SCV  
  30  6:24  Command Center  
  30  6:27  SCV  
  32  6:40  SCV  
  32  6:52  SCV  
  33  11:17  SCV  
  34  11:24  Starport Tech Lab  
  34  11:29  SCV  
  35  11:42  SCV  
  36  11:54  SCV  
  37  12:06  SCV  
Tags
 
Add a new tag
Caveats
  • Supply blocks, unpowered buildings, or Contaminate may cause inaccurate times.
  • Supply counts are checked every 10 seconds.